 Dungeon Crawl Stone Soup version 0.18.1-6-gd335043 (webtiles) character file.

2188 Gorice the Carver (level 9, -13/61 HPs)
             Began as a Demonspawn Gladiator on May 15, 2016.
             Was a Priest of Okawaru.
             Killed from afar by st0uf's ghost (24 damage)
             ... with a bolt of negative energy
             ... on level 7 of the Dungeon.
             The game lasted 00:26:44 (5843 turns).

Gorice the Carver (Demonspawn Gladiator)            Turns: 5843, Time: 00:26:45

Health: -13/61     AC: 17    Str: 20    XL:     9   Next: 12%
Magic:  12/12      EV:  5    Int:  9    God:    Okawaru [***...]
Gold:   264        SH:  0    Dex: 13    Spells: 0 memorised, 8 levels left

rFire  . . .     SeeInvis .     a - +0 scimitar
rCold  . . .     Gourm    .     p - +0 plate armour
rNeg   . . .     Faith    .     (no shield)
rPois  .         Spirit   .     (helmet restricted)
rElec  .         Dismiss  .     (no cloak)
rCorr  +         Reflect  .     (no gloves)
SustAt .         Harm     .     t - +0 pair of boots
MR     .....                    (no amulet)
Stlth  ..........               (no ring)
                                B - ring of resist corrosion

@: very heavily drained, not resistant to hostile enchantments, extremely
unstealthy
A: horns 1, iridescent scales 2, powered by death 1, spiny 1
a: Heroism, Renounce Religion


You were on level 7 of the Dungeon.
You worshipped Okawaru.
Okawaru was most pleased with you.
You were very hungry.

You visited 2 branches of the dungeon, and saw 8 of its levels.

You collected 264 gold pieces.

Inventory:

Hand Weapons
 a - a +0 scimitar (weapon)
 b - a +0 blowgun
 H - a +1 long sword
Missiles
 h - 33 poisoned needles
 i - 8 tomahawks (quivered)
 w - 5 needles of frenzy
 y - 4 needles of confusion
 Y - 2 throwing nets
 Z - 239 stones
Armour
 c - a +1 helmet
 p - a +0 plate armour (worn)
 s - a +1 ring mail of magic resistance
   (You found it on level 3 of the Dungeon)
 t - a +0 pair of boots (worn)
 P - a cursed -2 scale mail
Jewellery
 e - an uncursed ring of magical power
 n - an uncursed ring of wizardry
 B - a ring of resist corrosion (left hand)
 L - an uncursed ring of magical power
Wands
 u - a wand of digging (1/24)
 z - a wand of lightning (6/15)
 M - a wand of paralysis (16/24)
Scrolls
 d - 3 scrolls of enchant weapon
 g - 3 scrolls of teleportation {!r}
 m - 2 scrolls of enchant armour
 o - 3 scrolls of remove curse
 K - 3 scrolls of identify
 N - a scroll of noise {!r}
Potions
 j - 3 potions of cure mutation {!q}
 q - a potion of berserk rage
 r - 2 potions of might {!q}
 v - a potion of ambrosia
 x - 2 potions of brilliance {!q}
 C - a potion of cancellation {unknown}
 G - a potion of magic {unknown}
 I - a potion of heal wounds {unknown}
 J - a potion of invisibility {unknown}
 O - a potion of agility {unknown}
Books
 D - a book of Maledictions
Comestibles
 f - 4 bread rations {!e}
 l - 2 meat rations {!e}
 E - a slice of pizza
 F - 3 fruits


   Skills:
 - Level 2.0(0.0) Fighting
 * Level 9.2(5.2) Long Blades
 + Level 6.1(2.4) Throwing
 - Level 2.6(0.0) Dodging
 + Level 4.1(0.6) Invocations


You had 8 spell levels left.
You didn't know any spells.

Dungeon Overview and Level Annotations

Branches:
Dungeon (7/15)             Temple (1/1) D:6

Altars:
Ashenzari
Cheibriados
Elyvilon
Fedhas
Gozag
Kikubaaqudgha
Makhleb
Nemelex Xobeh
Okawaru
Pakellas
Qazlal
Ru
Sif Muna
Trog
Vehumet
Xom
Yredelemnul
Zin
The Shining One

Annotations:
D:3 Sigmund
D:5 vpUX: Yiuf's house, 1 exclusion, Crazy Yiuf
D:7 st0uf's ghost, novice DrBe


Innate Abilities, Weirdness & Mutations

You have a pair of small horns on your head.
You are mostly covered in iridescent scales (AC +6).
You regenerate a little health from kills.
You are partially covered in sharp spines.


Message History

St0uf's ghost hits you but does no damage.
You nearly hit yourself!
You feel less woody.
Your +0 pair of boots unmelds from your body.
Your +0 plate armour unmelds from your body.
St0uf's ghost hits you but does no damage.
Damage: 6 (max 27) You're too confused to attack without stumbling around!
You're too confused to attack without stumbling around!
You're too confused to attack without stumbling around!
You're too confused to attack without stumbling around!
You're too confused to attack without stumbling around!
You're too confused to attack without stumbling around!
There are no items here.
There are no items here.
There are no items here.
There are no items here.
You feel like a meek peon again.
St0uf's ghost hits you but does no damage.
St0uf's ghost breathes negative energy at you.
The bolt of negative energy hits you!
You feel drained.
* * * LOW HITPOINT WARNING * * *
Damage: 9 (max 27) You're too confused!
You're too confused!
You miss st0uf's ghost.
St0uf's ghost is heavily damaged.
You feel less invigorated.
You feel less confused. St0uf's ghost hits you!
* * * LOW HITPOINT WARNING * * *
Damage: 4 (max 27)
Your plate armour prevents you from hitting st0uf's ghost.
You headbutt st0uf's ghost, but do no damage.
St0uf's ghost is heavily damaged.
St0uf's ghost hits you.
* * * LOW HITPOINT WARNING * * *
Damage: 1 (max 27) Unknown command.
You hit st0uf's ghost.
St0uf's ghost is heavily damaged.
St0uf's ghost hits you!
* * * LOW HITPOINT WARNING * * *
Damage: 7 (max 27) Unknown command.
You closely miss st0uf's ghost. You headbutt st0uf's ghost.
St0uf's ghost is heavily damaged.
St0uf's ghost breathes negative energy at you.
The bolt of negative energy hits you!
You feel drained.
You die...

##### ####### ....## #.....##
##...####......#
..........._...##########
.#...###................# .##.##
#......[W@.......######### .##.#
#.#..#..#######...........
.##.####.#.....# #..#########
.##......#.....# #..# #
...>.#####.....# ##[.# ######
.##..# #.....# #..<# #..W.W
.###.# ##..#..######...####.####
.###.####.>........##........#
..........)##).###.##.#.#########


You could see st0uf's ghost.

Vanquished Creatures
  A hippogriff (D:7)
  Duvessa (D:7)
  2 ogres
  An orc warrior (D:6)
  2 necrophages
  A phantom (D:4)
  2 centaurs
  A big kobold (D:6)
  Blork the orc (D:6)
  2 giant frogs
  Dowan (D:7)
  2 scorpions
  3 howler monkeys
  3 crimson imps
  A quasit (D:7)
  A giant frog zombie (D:7)
  A jelly (D:6)
  2 orc priests (D:7)
  5 orc wizards
  An iguana (D:4)
  A worker ant (D:4)
  A killer bee zombie (D:6)
  A hound skeleton (D:7)
  8 adders
  6 gnolls
  2 howler monkey skeletons
  2 shadow imps
  An adder zombie (D:7)
  2 adder skeletons
  2 worms
  3 dart slugs (D:1)
  3 giant geckos
  5 orcs
  4 giant cockroaches
  11 goblins
  8 hobgoblins
  10 jackals
  7 bats
  A giant gecko skeleton (D:3)
  5 giant newts
  9 kobolds
  A quokka skeleton (D:6)
  A quokka zombie (D:7)
  9 rats
137 creatures vanquished.

Notes
Turn   | Place    | Note
--------------------------------------------------------------
     0 | D:1      | Gorice the Demonspawn Gladiator began the quest for the Orb.
     0 | D:1      | Reached XP level 1. HP: 16/16 MP: 1/1
   104 | D:1      | Reached skill level 3 in Long Blades
   147 | D:1      | Gained mutation: You are partially covered in sharp spines. [demonic ancestry]
   147 | D:1      | Reached XP level 2. HP: 15/22 MP: 2/2
   199 | D:1      | Reached skill level 2 in Throwing
   552 | D:1      | Gained mutation: You regenerate a little health from kills. [demonic ancestry]
   552 | D:1      | Reached XP level 3. HP: 27/27 MP: 3/3
  1129 | D:2      | Reached skill level 4 in Long Blades
  1201 | D:2      | Found a stormy altar of Qazlal.
  1477 | D:3      | Reached XP level 4. HP: 33/33 MP: 4/4
  1569 | D:3      | Found an iron altar of Okawaru.
  1570 | D:3      | Found a burning altar of Makhleb.
  1582 | D:3      | Became a worshipper of Warmaster Okawaru
  1596 | D:3      | Noticed Sigmund
  1811 | D:3      | Reached XP level 5. HP: 38/38 MP: 5/5
  1854 | D:3      | Found an oddly glowing altar of Pakellas.
  2269 | D:4      | Found a bloodstained altar of Trog.
  2287 | D:4      | Found a sparkling altar of Nemelex Xobeh.
  2311 | D:4      | Found a shimmering altar of Xom.
  2329 | D:4      | Reached skill level 3 in Throwing
  2346 | D:4      | Reached skill level 5 in Long Blades
  2496 | D:4      | Noticed a centaur
  2505 | D:4      | Killed a centaur
  2505 | D:4      | Reached * piety under Okawaru
  2505 | D:4      | Reached XP level 6. HP: 44/44 MP: 6/6
  2616 | D:4      | Found a blossoming altar of Fedhas.
  2731 | D:4      | Reached skill level 6 in Long Blades
  2849 | D:4      | Reached skill level 4 in Throwing
  2849 | D:4      | Gained mutation: You are partially covered in iridescent scales (AC +4). [demonic ancestry]
  2849 | D:4      | Reached XP level 7. HP: 50/50 MP: 7/7
  3210 | D:4      | Found a sacrificial altar of Ru.
  3247 | D:5      | Entered Level 5 of the Dungeon
  3479 | D:5      | Reached skill level 7 in Long Blades
  3554 | D:5      | Reached ** piety under Okawaru
  4030 | D:5      | Noticed Crazy Yiuf
  4076 | D:6      | Found a staircase to the Ecumenical Temple.
  4099 | Temple   | Entered the Ecumenical Temple
  4497 | D:6      | Reached skill level 5 in Throwing
  4497 | D:6      | Gained mutation: You have a pair of small horns on your head. [demonic ancestry]
  4497 | D:6      | Reached XP level 8. HP: 44/56 MP: 5/8
  4531 | D:6      | Found a glowing silver altar of Zin.
  4565 | D:6      | Noticed Blork the orc
  4602 | D:6      | Killed Blork the orc
  4610 | D:6      | Reached skill level 8 in Long Blades
  4682 | D:6      | Found a white marble altar of Elyvilon.
  4904 | D:7      | Reached skill level 1 in Invocations
  5067 | D:7      | Noticed st0uf's ghost (novice DrBe)
  5158 | D:7      | Noticed Duvessa
  5163 | D:7      | Noticed Dowan
  5171 | D:7      | Killed Duvessa
  5171 | D:7      | Reached skill level 2 in Invocations
  5197 | D:7      | Killed Dowan
  5197 | D:7      | Reached *** piety under Okawaru
  5197 | D:7      | Reached skill level 3 in Invocations
  5216 | D:7      | Found a stormy altar of Qazlal.
  5363 | D:7      | Reached skill level 6 in Throwing
  5393 | D:6      | Reached skill level 9 in Long Blades
  5586 | D:7      | Gained mutation: You are mostly covered in iridescent scales (AC +6). [demonic ancestry]
  5586 | D:7      | Reached XP level 9. HP: 46/61 MP: 8/11
  5604 | D:7      | Reached skill level 4 in Invocations
  5803 | D:7      | HP: 13/61 [st0uf's ghost/bolt of negative energy (21)]
  5808 | D:7      | HP: 18/91 [st0uf's ghost (2)]
  5818 | D:7      | HP: 20/91 [st0uf's ghost (2)]
  5825 | D:7      | HP: 10/91 [st0uf's ghost (2)]
  5828 | D:7      | HP: 1/91 [st0uf's ghost (8)]
  5840 | D:7      | HP: 18/61 [st0uf's ghost (9)]
  5843 | D:7      | Killed from afar by st0uf's ghost

Skill      XL: |  1  2  3  4  5  6  7  8  9 |
---------------+----------------------------+-----
Long Blades    | 3 4 5 6 7 9 |  9.2
Throwing       | 2 3 4 5 6 |  6.1
Invocations    | 3 4 |  4.1
Fighting       | |  2.0
Dodging        | |  2.6

Action                   |  1- 3 |  4- 6 |  7- 9 || total
-------------------------+-------+-------+-------++-------
Melee: Long sword        |    49 |    77 |    68 ||   194
       Scimitar          |       |       |   122 ||   122
       Headbutt          |       |       |    23 ||    23
 Fire: Blowgun           |       |    36 |    20 ||    56
Throw: Stone             |     3 |       |       ||     3
       Tomahawk          |     7 |       |     8 ||    15
       Throwing net      |       |     1 |       ||     1
Invok: Heroism           |       |       |     9 ||     9
  Use: Scroll            |     4 |     4 |     8 ||    16
       Potion            |       |       |     3 ||     3
 Stab: Held in net/web   |       |     1 |       ||     1
  Eat: Chunk             |     2 |     4 |     9 ||    15
Armor: Leather armour    |    10 |       |       ||    10
       Plate armour      |       |    64 |   137 ||   201
       Skin              |       |       |    17 ||    17
Dodge: Dodged            |    27 |    22 |    56 ||   105

Table legend:
 A = Turns spent in this place as a percentage of turns spent in the entire game.
 B = Non-inter-level travel turns spent in this place as a percentage of non-inter-level travel turns spent in the entire game.
 C = Inter-level travel turns spent in this place as a percentage of turns spent in this place.
 D = Turns resting spent in this place as a percentage of non-inter-level travel turns spent in this place.
 E = Turns spent auto-exploring this place as a percentage of non-inter-level travel turns spent in this place.
 F = Non-inter-level travel turns spent in this place divided by the number of levels of this place that you've seen.
                   A       B       C       D       E      F
               +-------+-------+-------+-------+-------+----------------------
         Total | 100.0 | 100.0 |   0.7 |   1.2 |   6.6 | 281.9
       Dungeon |  99.5 |  99.5 |   0.7 |   1.2 |   6.2 | 320.6
        Temple |   0.5 |   0.5 |   8.3 |   0.0 |  90.9 |  11.0
               +-------+-------+-------+-------+-------+----------------------

Vault maps used:
D:1:      minmay_arrival_jagged, minmay_surrounded
D:2:      lemuel_crystal_altar
D:3:      grunt_temple_overflow_open, johnstein_pakellas_dig, uniq_sigmund
D:4:      nicolae_overflow_quartered_altars, fedhas_bush_and_centaur_altar,
          first_bread, serial_bayou, serial_bayou_lagoon_a,
          serial_bayou_shore_b, serial_bayou_pond_a, serial_bayou_ford_a
D:5:      dk_noncrumbling_4, uniq_crazy_yiuf_cottage
D:6:      elyvilon_altar_5, marbit_many_paths, minmay_temple_entry_mist,
          uniq_blork_the_orc
D:7:      basic_altar, uniq_duvessa
Temple:   hc_temple_tempest_star
